 Dungeon Crawl Stone Soup version 0.20.0-15-g7f486f2 (webtiles) character file.

238 Draculos the Magician (level 5, -10/29 HPs)
             Began as a Deep Elf Earth Elementalist on July 6, 2017.
             Was an Initiate of Vehumet.
             Mangled by an earth elemental (31 damage)
             ... created by the adversity of Qazlal
             ... on level 5 of the Dungeon.
             The game lasted 00:34:23 (2740 turns).

Draculos the Magician (Deep Elf Earth Elementalist) Turns: 2740, Time: 00:34:23

Health: -10/29     AC:  7    Str:  6    XL:     5   Next: 78%
Magic:  1/14       EV: 12    Int: 20    God:    Vehumet [......]
Gold:   14         SH:  3    Dex: 15    Spells: 8/14 levels left

rFire    x x .     SeeInvis .   k - +0 rapier (protect)
rCold    . . .     Gourm    .   l - +0 buckler
rNeg     . . .     Faith    .   (no armour)
rPois    .         Spirit   .   (no helmet)
rElec    .         Reflect  .   (no cloak)
rCorr    .         Harm     .   (no gloves)
MR       +....                  (no boots)
Stlth    ++........             (no amulet)
Regen    0.1/turn               n - ring of protection from magic
MPRegen  0.2/turn               (no ring)

@: lethally poisoned (-10 -> -13), protection aura, very slightly contaminated,
very slow
A: [heat vulnerability 2]
a: Renounce Religion


You were on level 5 of the Dungeon.
You worshipped Vehumet.
Vehumet was noncommittal.
You were not hungry.

You visited 2 branches of the dungeon, and saw 6 of its levels.

You collected 74 gold pieces.
You spent 60 gold pieces at shops.

Inventory:

Hand Weapons
 j - a +1 hand axe of freezing
 k - a +0 rapier of protection (weapon)
Missiles
 b - 75 stones
 m - 23 arrows (quivered)
Armour
 c - a +0 robe
 l - a +0 buckler (worn)
 o - a +0 chain mail
Jewellery
 n - a ring of protection from magic (left hand)
Wands
 q - a wand of polymorph (14/24)
Scrolls
 a - a scroll of amnesia
 f - 3 scrolls of identify
 h - a scroll of fog
 p - a scroll of remove curse
Books
 e - a book of Geomancy

   Spells                             Type                      Level
   a - Sandblast                      Earth                        1
   b - Passwall                       Transmutation/Earth          2
   c - Stone Arrow                    Conjuration/Earth            3
   d - Petrify                        Transmutation/Earth          4
   e - Lee's Rapid Deconstruction     Earth                        5
Comestibles
 d - 3 bread rations


   Skills:
 + Level 1.2 Fighting
 + Level 1.0(1.2) Short Blades
   Level 0.8(1.0) Long Blades
 + Level 2.7 Dodging
 + Level 3.0 Stealth
 + Level 0.1 Shields
 + Level 5.4 Spellcasting
 + Level 1.1 Transmutations
 + Level 4.8 Earth Magic


You had 8 spell levels left.
You knew the following spells:

 Your Spells              Type           Power        Failure   Level  Hunger
a - Sandblast             Erth           ###...       2%          1    None
b - Passwall              Tmut/Erth      ###.......   8%          2    None
c - Stone Arrow           Conj/Erth      ###...       21%         3    ##.....


Dungeon Overview and Level Annotations

Branches:
Dungeon (5/15)             Temple (1/1) D:5

Altars:
Ashenzari
Cheibriados
Dithmenos
Elyvilon
Kikubaaqudgha
Okawaru
Qazlal
Sif Muna
Uskayaw
Vehumet
Xom
The Shining One
Lugonu

Shops:
D:4 ?

Annotations:
D:5 mythresam's ghost, novice HOFi


Innate Abilities, Weirdness & Mutations

[You are very vulnerable to heat. (rF--)]


Message History

Aim: an earth elemental (durably summoned)
The blast of sand hits the earth elemental.
b - 75 stones Your magical contamination has completely faded away.
Casting: Sandblast
Confirm with . or Enter, or press ? or * to list all spells.
Aiming: Sandblast
Press: ? - help, Shift-Dir - straight line, f/p - earth elemental
Aim: an earth elemental (durably summoned)
You miscast Sandblast.
You are very lightly contaminated with residual magic.
Nothing appears to happen.
You feel sick. The earth elemental closely misses you.
You barely miss the earth elemental. You hit the earth elemental.
Your weapon exudes an aura of protection.
The earth elemental is lightly damaged.
You feel sick. The earth elemental hits you!!
Ouch! That really hurt!
You die...

#.... ###....
....... ######
#....#. #....#
....... #.... # ##.
... #.#.. #.#
###.#.< #@#
.........#
#E####..######.#..
##.......# ##<....
#...###.## .....#..
#..## #.## .###.#..
#..# #.> . #......
#..####.## #.#.#.#
#....#...####.#.#.#
#..#..≈≈≈.....#.#..


You could see an earth elemental.

Vanquished Creatures
  An ice beast (D:5)
  An ogre (D:3)
  3 adders
  A worm (D:2)
  3 dart slugs
  3 leopard geckos (D:1)
  2 orcs
  2 giant cockroaches
  A hobgoblin (D:2)
  4 bats
  3 goblins (D:1)
  4 kobolds
  A leopard gecko zombie (D:5)
  5 rats
34 creatures vanquished.

Notes
Turn   | Place    | Note
-------+----------+-------------------------------------------
     0 | D:1      | Draculos the Deep Elf Earth Elementalist began the quest for the Orb.
     0 | D:1      | Reached XP level 1. HP: 10/10 MP: 6/6
   439 | D:1      | Reached XP level 2. HP: 15/15 MP: 6/8
   860 | D:1      | Learned a level 2 spell: Passwall
  1149 | D:2      | Reached XP level 3. HP: 15/19 MP: 7/10
  1191 | D:2      | Found a shattered altar of Ashenzari.
  1218 | D:2      | Became a worshipper of Ashenzari the Shackled
  1365 | D:2      | Reached skill level 4 in Spellcasting
  1407 | D:2      | Found a snail-covered altar of Cheibriados.
  1421 | D:2      | Fell from the grace of Ashenzari
  1421 | D:2      | Became a worshipper of Cheibriados the Contemplative
  1437 | D:3      | Noticed an ogre
  1442 | D:3      | Killed an ogre
  1442 | D:3      | Was forgiven by Ashenzari
  1442 | D:3      | Reached XP level 4. HP: 10/24 MP: 5/12
  1442 | D:3      | Reached XP level 5. HP: 11/28 MP: 5/14
  1626 | D:3      | Learned a level 3 spell: Stone Arrow
  1633 | D:3      | Found an iron altar of Okawaru.
  2136 | D:4      | Found Usmechag's Magic Scroll Shoppe.
  2144 | D:4      | Bought a scroll of amnesia for 38 gold pieces
  2144 | D:4      | Bought a scroll of fog for 22 gold pieces
  2177 | D:4      | Found a deep blue altar of Sif Muna.
  2187 | D:4      | Fell from the grace of Cheibriados
  2187 | D:4      | Became a worshipper of Sif Muna the Loreminder
  2383 | D:5      | Entered Level 5 of the Dungeon
  2383 | D:5      | Noticed mythresam's ghost (novice HOFi)
  2422 | D:5      | Found a staircase to the Ecumenical Temple.
  2422 | D:5      | Noticed an ice beast
  2427 | D:5      | Killed an ice beast
  2427 | D:5      | Reached skill level 1 in Fighting
  2427 | D:5      | Reached skill level 1 in Short Blades
  2427 | D:5      | Reached skill level 5 in Spellcasting
  2570 | Temple   | Entered the Ecumenical Temple
  2662 | Temple   | Fell from the grace of Sif Muna
  2662 | Temple   | Became a worshipper of Qazlal Stormbringer
  2689 | Temple   | Fell from the grace of Qazlal
  2689 | Temple   | Became a worshipper of Vehumet
  2740 | D:5      | Mangled by an earth elemental

Skill      XL: |  1  2  3  4  5 |
---------------+----------------+-----
Earth Magic    | 4 |  4.8
Spellcasting   | 4 5 |  5.4
Fighting       | 1 |  1.2
Short Blades   | 1 |  1.0
Stealth        | 3 |  3.0
Long Blades    | |  0.8
Dodging        | |  2.7
Shields        | |  0.1
Transmutations | |  1.1

Action                   |  1- 3 |  4- 6 || total
-------------------------+-------+-------++-------
Melee: Dagger            |    13 |       ||    13
       Long sword        |     7 |     4 ||    11
       Rapier            |       |     2 ||     2
 Cast: Sandblast         |    37 |    10 ||    47
       Passwall          |     1 |       ||     1
       Stone Arrow       |       |     4 ||     4
  Use: Scroll            |     5 |     2 ||     7
       Potion            |     5 |     1 ||     6
 Stab: Sleeping          |     1 |       ||     1
  Eat: Royal jelly       |     1 |       ||     1
       Chunk             |     1 |       ||     1
       Meat ration       |       |     1 ||     1
Armor: Robe              |     2 |       ||     2
       Chain mail        |     6 |       ||     6
Dodge: Dodged            |    23 |    14 ||    37
Block: Buckler           |     8 |     2 ||    10
       Rpst.: Long sword |     5 |       ||     5
